 Dungeon Crawl Stone Soup version 0.21.0-3-g78d12a8 (webtiles) character file.

223 Hubbles the Cutter (level 6, -9/41 HPs)
             Began as a Halfling Fire Elementalist on Jan 11, 2018.
             Was a Follower of Wu Jian.
             Killed from afar by an orc wizard (11 damage)
             ... with a magic dart
             ... on level 4 of the Dungeon.
             The game lasted 00:05:22 (3518 turns).

Hubbles the Cutter (Halfling Fire Elementalist)     Turns: 3518, Time: 00:05:23

Health: -9/41      AC:  3    Str:  9    XL:     6   Next: 20%
Magic:  8/8        EV: 14    Int: 13    God:    Wu Jian [*.....]
Gold:   146        SH:  0    Dex: 17    Spells: 7/8 levels left

rFire    . . .     SeeInvis .   b - +0 war axe
rCold    . . .     Gourm    .   (shield restricted)
rNeg     . . .     Faith    .   d - +0 leather armour
rPois    .         Spirit   .   (no helmet)
rElec    .         Reflect  .   (no cloak)
rCorr    .         Harm     .   (no gloves)
MR       .....                  (no boots)
Stlth    ++........             (no amulet)
HPRegen  0.13/turn              (no ring)
MPRegen  0.11/turn              (no ring)

@: slowed, very slow
A: small, mutation resistance 1
a: Renounce Religion


You were on level 4 of the Dungeon.
You worshipped Wu Jian.
Wu Jian was aware of your devotion.
You were not hungry.

You visited 1 branch of the dungeon, and saw 4 of its levels.

You collected 146 gold pieces.

Inventory:

Hand Weapons
 a - a +0 short sword
 b - a +0 war axe (weapon)
Armour
 d - a +0 leather armour (worn)
Wands
 j - a wand of acid (10)
 l - a wand of enslavement (5)
Scrolls
 n - 5 scrolls of remove curse
Potions
 e - 4 potions of brilliance
Books
 g - a book of Flames

   Spells                             Type                      Level
   a - Flame Tongue                   Conjuration/Fire             1
   b - Throw Flame                    Conjuration/Fire             2
   c - Conjure Flame                  Conjuration/Fire             3
   d - Inner Flame                    Hexes/Fire                   3
   e - Sticky Flame                   Conjuration/Fire             4
   f - Fireball                       Conjuration/Fire             5
Comestibles
 c - 4 rations


   Skills:
 - Level 2.4 Fighting
 * Level 5.4 Short Blades
 - Level 1.0 Armour
 - Level 2.1 Dodging
 - Level 2.1 Stealth
 - Level 1.5 Spellcasting
 - Level 0.7 Conjurations
 - Level 3.0 Fire Magic


You had 7 spell levels left.
You knew the following spells:

 Your Spells              Type           Power        Failure   Level  Hunger
a - Flame Tongue          Conj/Fire      #....        17%         1    ##.....


Dungeon Overview and Level Annotations

Branches:
Dungeon (4/15)
 Temple: D:4-7

Altars:
Ashenzari
Cheibriados
Fedhas
Makhleb
Nemelex Xobeh
Sif Muna
Vehumet
Wu Jian
Xom


Innate Abilities, Weirdness & Mutations

You are small and have problems with some larger weapons.
You are somewhat resistant to further mutation.


Message History

The orc wizard casts a spell.
The orc wizard seems to speed up.
You hit the ogre.
The ogre is moderately wounded.
The orc wizard gestures at you while chanting.
You feel yourself slow down. The ogre barely misses you.
The orc wizard points at you and mumbles some strange words.
The magic dart hits you!
* * * LOW HITPOINT WARNING * * *
Unknown command.
Unknown command.
You spin and attack the ogre.
You hit the ogre.
The ogre is heavily wounded.
The ogre misses you.
The orc wizard casts a spell.
The orc wizard seems to speed up.
You spin to attack the ogre, but your attack speed is too slow for a blow to land.
The orc wizard points at you and mumbles some strange words.
The magic dart hits you!
You die...

#.. ... #.# #..## .
#.# #...# .. #.#
..... .. #.#
#.#.##.#### #.#
#.#...##..######
#.#.##.#.###..8#..≈.#
#<#.........._.O@.≈o#
#.####.#.###†.8#..≈o#
#.#....#...##..######
#.#.############
..l.÷.........#
..#.#########.# ..#.#
#.#.# #.#.#


You could see an ogre (pinned) and 2 orc wizards.

Vanquished Creatures
  A howler monkey (D:4)
  A hound (D:4)
  2 worker ants
  A gnoll (D:1)
  2 adders (D:3)
  An ooze (D:3)
  2 dart slugs (D:3)
  5 orcs
  A ball python (D:1)
  6 bats
  3 giant cockroaches
  12 goblins
  10 hobgoblins
  4 jackals (D:1)
  3 quokkas
  4 frilled lizards
  7 kobolds
  3 rats
68 creatures vanquished.

Notes
Turn   | Place    | Note
-------+----------+-------------------------------------------
     0 | D:1      | Hubbles the Halfling Fire Elementalist began the quest for the Orb.
     0 | D:1      | Reached XP level 1. HP: 11/11 MP: 3/3
    48 | D:1      | Reached skill level 1 in Fighting
    95 | D:1      | Reached XP level 2. HP: 18/18 MP: 2/4
   610 | D:1      | Reached XP level 3. HP: 24/24 MP: 5/5
   882 | D:1      | Reached skill level 1 in Short Blades
  1258 | D:2      | Found an ornate altar of the Wu Jian Council.
  1263 | D:2      | Reached XP level 4. HP: 30/30 MP: 6/6
  1509 | D:2      | Reached skill level 1 in Armour
  1533 | D:2      | Found a faded altar of an unknown god.
  1574 | D:2      | Became a worshipper of the Wu Jian Council
  1574 | D:2      | Reached * piety under Wu Jian
  1693 | D:2      | Found a sparkling altar of Nemelex Xobeh.
  1696 | D:2      | Found a shimmering altar of Xom.
  1696 | D:2      | Found a blossoming altar of Fedhas.
  1699 | D:2      | Found a burning altar of Makhleb.
  2011 | D:2      | Reached skill level 2 in Short Blades
  2522 | D:3      | Found a snail-covered altar of Cheibriados.
  2578 | D:3      | Reached skill level 3 in Short Blades
  2579 | D:3      | Reached XP level 5. HP: 35/35 MP: 7/7
  2719 | D:3      | Reached skill level 4 in Short Blades
  2895 | D:3      | Found a shattered altar of Ashenzari.
  3268 | D:4      | Reached skill level 5 in Short Blades
  3268 | D:4      | Reached XP level 6. HP: 25/41 MP: 8/8
  3271 | D:4      | Noticed an ogre
  3299 | D:3      | Found a radiant altar of Vehumet.
  3503 | D:4      | Found a deep blue altar of Sif Muna.
  3516 | D:4      | HP: 1/41 [orc wizard/magic dart (6)]
  3518 | D:4      | Killed from afar by an orc wizard

Skill      XL: |  1  2  3  4  5 |
---------------+----------------+-----
Fighting       | 1 2 |  2.4
Short Blades   | 1 3 5 |  5.4
Armour         | 1 |  1.0
Dodging        | |  2.1
Stealth        | |  2.1
Spellcasting   | |  1.5
Conjurations   | |  0.7
Fire Magic     | |  3.0

Action                   |  1- 3 |  4- 6 || total
-------------------------+-------+-------++-------
Melee: Unarmed           |     2 |       ||     2
       Short sword       |   117 |   200 ||   317
       War axe           |       |    12 ||    12
 Cast: Flame Tongue      |    11 |       ||    11
Invok: Whirlwind         |       |    48 ||    48
       Lunge             |       |     8 ||     8
  Use: Scroll            |     3 |     6 ||     9
       Potion            |       |     6 ||     6
 Stab: Sleeping          |     4 |     2 ||     6
       Distracted        |       |     1 ||     1
  Eat: Chunk             |     2 |     5 ||     7
       Ration            |       |     1 ||     1
Armor: Robe              |     5 |       ||     5
       Leather armour    |    31 |    33 ||    64
       Skin              |       |     6 ||     6
Dodge: Dodged            |    98 |   131 ||   229
